 Dungeon Crawl Stone Soup version 0.17.1-1-g73c8601 (webtiles) character file.

88 trogs the Grasshopper (level 4, 0/22 HPs)
             Began as a Spriggan Warper on Mar 29, 2016.
             Slain by Crazy Yiuf
             ... wielding a +3 quarterstaff of chaos
              (15 damage)
             ... on level 2 of the Dungeon.
             The game lasted 00:23:58 (3827 turns).

trogs the Grasshopper (Spriggan Warper)             Turns: 3827, Time: 00:23:58

Health: 0/22       AC:  8    Str:  8    XL:     4   Next: 30%
Magic:  10/10      EV: 19    Int: 14    God:
Gold:   110        SH:  0    Dex: 15    Spells: 3 memorised, 3 levels left

rFire  . . .     SeeInvis +     p - +2 short sword (protect)
rCold  . . .     Clarity  .     b - +0 robe
rNeg   + . .     SustAt   .     (shield restricted)
rPois  .         Gourm    .     (helmet restricted)
rElec  .         Spirit   .     t - +0 cloak
rCorr  .         Warding  +     (gloves unavailable)
rMut   .         Stasis   .     (boots unavailable)
MR     .....                    o - amulet of warding (curse)
Stlth  +.........               (no ring)
                                (no ring)

@: very slightly contaminated, drained, very quick, not resistant to hostile
enchantments, very unstealthy
A: unfitting armour, see invisible, herbivore 3, speed 3, slow metabolism 2
a: no special abilities


You were on level 2 of the Dungeon.
You were not hungry.

You visited 1 branch of the dungeon, and saw 2 of its levels.

You collected 110 gold pieces.

Inventory:

Hand Weapons
 a - a +0 short sword
 k - a +0 dagger
 p - a +2 short sword of protection (weapon)
Missiles
 e - a tomahawk of dispersal
 m - 20 stones (quivered)
Armour
 b - a +0 robe (worn)
 t - a +0 cloak (worn)
Jewellery
 o - a cursed amulet of warding (around neck)
Scrolls
 d - a scroll of blinking
 j - a scroll of enchant armour {unknown}
 l - 3 scrolls of remove curse {unknown}
 n - a scroll of identify {unknown}
 r - a scroll of fear {unknown}
 s - a scroll of noise {unknown}
Potions
 i - a potion of ambrosia {unknown}
 q - a potion of lignification {unknown}
 u - a potion of poison {unknown}
Books
 c - a book of Spatial Translocations

   Spells                             Type                      Level
   a - Apportation                    Translocation                1
   b - Blink                          Translocation                2
   c - Shroud of Golubria             Charms/Translocation         2
   d - Portal Projectile              Translocation                3
   e - Teleport Other                 Translocation                3
   f - Passage of Golubria            Translocation                4
Comestibles
 f - 4 bread rations
 g - 3 fruits


   Skills:
 - Level 1.5(1.4) Fighting
 + Level 2.7(2.6) Short Blades
 - Level 2.0(1.8) Throwing
 + Level 4.5(4.4) Dodging
 + Level 0.0 Stealth
 + Level 3.4(3.3) Spellcasting
 + Level 5.3(5.1) Translocations


You had 3 spell levels left.
You knew the following spells:

 Your Spells              Type           Power        Failure   Level  Hunger
a - Apportation           Tloc           ###.......   2%          1    #......
b - Blink                 Tloc           N/A          3%          2    ##.....
c - Teleport Other        Tloc           ###.....     10%         3    ###....


Dungeon Overview and Level Annotations

Branches:
Dungeon (2/15)

Altars:

Annotations:
D:2 Crazy Yiuf


Innate Abilities, Weirdness & Mutations

You are tiny and cannot use many weapons and most armour.
You have supernaturally acute eyesight.
You are a herbivore.
You cover ground extremely quickly.
You need consume almost no food.


Message History

Crazy Yiuf zaps a wand.
You are more confused.
You bump into the rock wall.
Crazy Yiuf zaps a wand.
You easily resist.
Crazy Yiuf zaps a wand.
You easily resist.
You're too confused to move!
Crazy Yiuf zaps a wand.
Nothing appears to happen.
You bump into the rock wall.
Crazy Yiuf says, "Announcement!
Paint mobile song."
You're too confused to move!
Crazy Yiuf whimpers, "Gnoll leg unthinkable!"
Crazy Yiuf misses you.
You're too confused to move!
You're too confused to move!
You feel less confused.
Crazy Yiuf hits you with a quarterstaff of chaos.
Crazy Yiuf burns you.
You hit Crazy Yiuf.
Crazy Yiuf is severely wounded.
Crazy Yiuf hits you with a quarterstaff of chaos!
Ouch! That really hurt!
You die...

#...# #.##..###...#.#
######...###.##...........
#...............####.###.#
##..........##### #.###.#
####.##..#.##.########......
#...........................
#.#......#..#.#####.....##..
#.#..##..#g.#...........##..
#..........@....<.......##..
#....##.................##..
#........#.##.#####.....##..
#..#.##.......# #.....+...
#..#.......##.#####.....##.#
#........####.#............#
#...........#.#.#...........
#######.(####.#.#..##.......
#..# ################


You could see Crazy Yiuf.

Vanquished Creatures
  Ijyb (D:2)
  An ooze (D:1)
  A worm (D:2)
  4 giant geckos (D:1)
  2 ball pythons (D:1)
  2 giant cockroaches
  7 goblins
  6 hobgoblins (D:1)
  A quokka (D:2)
  2 bats (D:2)
  5 giant newts (D:1)
  3 jackals (D:2)
  4 kobolds
  12 rats
51 creatures vanquished.

Notes
Turn   | Place    | Note
--------------------------------------------------------------
     0 | D:1      | trogs the Spriggan Warper began the quest for the Orb.
     0 | D:1      | Reached XP level 1. HP: 10/10 MP: 5/5
  1003 | D:1      | Reached XP level 2. HP: 11/14 MP: 6/6
  1199 | D:1      | Learned a level 2 spell: Blink
  1914 | D:1      | Reached XP level 3. HP: 18/18 MP: 8/8
  2524 | D:2      | Found a faded altar to an unknown god.
  2716 | D:2      | Learned a level 3 spell: Teleport Other
  3086 | D:2      | Noticed Ijyb
  3112 | D:2      | Killed Ijyb
  3112 | D:2      | Reached skill level 5 in Translocations
  3112 | D:2      | Reached XP level 4. HP: 19/22 MP: 10/10
  3565 | D:2      | Noticed Crazy Yiuf
  3827 | D:2      | Slain by Crazy Yiuf

Action                   |  1- 3 |  4- 6 || total
-------------------------+-------+-------++-------
Melee: Short sword       |   147 |    34 ||   181
Throw: Tomahawk          |     4 |       ||     4
       Stone             |   118 |    28 ||   146
 Cast: Apportation       |     1 |       ||     1
  Use: Potion            |       |     1 ||     1
 Stab: Sleeping          |     1 |       ||     1
  Eat: Fruit             |       |     1 ||     1
